 Dungeon Crawl Stone Soup version 0.19-a0-944-gb338e1e (webtiles) character file.

66 matakusis the Ducker (level 3, -5/28 HPs)
             Began as a Demonspawn Gladiator on July 9, 2016.
             Slain by a gnoll
             ... wielding a +0 halberd
              (15 damage)
             ... on level 3 of the Dungeon.
             The game lasted 00:04:47 (1680 turns).

matakusis the Ducker (Demonspawn Gladiator)         Turns: 1680, Time: 00:04:48

Health: -5/28      AC:  4    Str: 16    XL:     3   Next: 96%
Magic:  3/3        EV: 13    Int:  9    God:
Gold:   152        SH:  0    Dex: 13    Spells: 0 memorised, 2 levels left

rFire  . . .     SeeInvis .     a - +0 long sword
rCold  . . .     Gourm    .     b - +0 leather armour
rNeg   . . .     Faith    .     (no shield)
rPois  .         Spirit   .     (helmet restricted)
rElec  .         Dismiss  .     s - +0 cloak
rCorr  .         Reflect  .     (no gloves)
SustAt +         Harm     .     (no boots)
MR     .....                    n - amulet of rage
Stlth  +.........               q - ring of sustain attributes
                                j - +1 ring of slaying

@: not resistant to hostile enchantments, very unstealthy
A: horns 1, talons 1
a: Evoke Berserk Rage


You were on level 3 of the Dungeon.
You were hungry.

You visited 1 branch of the dungeon, and saw 4 of its levels.

You collected 152 gold pieces.

Inventory:

Hand Weapons
 a - a +0 long sword (weapon)
Missiles
 d - 3 throwing nets (quivered)
Armour
 b - a +0 leather armour (worn)
 s - a +0 cloak (worn)
Jewellery
 j - a +1 ring of slaying (left hand)
 n - an amulet of rage (around neck)
 q - a ring of sustain attributes (right hand)
Scrolls
 k - a scroll of enchant armour {unknown}
 o - a scroll of recharging {unknown}
 p - a scroll of random uselessness {unknown}
 r - a scroll of blinking {unknown}
 t - a scroll of identify {unknown}
 u - a scroll of teleportation {unknown}
Potions
 e - 2 potions of lignification {unknown}
 g - 3 potions of curing {unknown}
 i - 2 potions of flight {unknown}
 l - a potion of heal wounds {unknown}
 m - a potion of magic {unknown}
 v - a potion of haste {unknown}
Comestibles
 c - 2 chunks of flesh
 f - a bread ration
 h - 2 meat rations


   Skills:
 * Level 2.4 Fighting
 + Level 3.1 Long Blades
 - Level 1.7 Throwing
 + Level 1.0 Armour
 + Level 3.6 Dodging


You had 2 spell levels left.
You didn't know any spells.

Dungeon Overview and Level Annotations

Branches:
Dungeon (4/15)
 Temple: D:4-7

Altars:
Dithmenos
Fedhas
Ru
Uskayaw


Innate Abilities, Weirdness & Mutations

You have a pair of small horns on your head.
You have sharp toenails.


Message History

You kill the goblin!
You hit the gnoll. You headbutt the gnoll.
The gnoll is moderately wounded.
The gnoll hits you but does no damage.
You completely miss the gnoll.
The gnoll is moderately wounded.
The gnoll hits you but does no damage.
You closely miss the gnoll. You claw the gnoll, but do no damage.
The gnoll is moderately wounded.
The gnoll barely misses you.
You hit the gnoll. Your headbutt misses the gnoll.
The gnoll is severely wounded.
The gnoll hits you with a whip. The gnoll closely misses you.
The gnoll barely misses you. The gnoll closely misses you.
You hit the gnoll but do no damage.
The gnoll is heavily wounded.
The gnoll hits you with a whip.
The gnoll hits you from afar with a halberd!
Ouch! That really hurt!
You die...

#.# #.#.#.........
#.# #.#.########..
#.# #.#.########..
#.###.#...##.....#
#.#.....#.##.....#
#.#.....#.##..##.#
#.g.....#..#g.#...
#g#.....#..gg$.._.
#@#.....#g#.###...
#g###.###.#.# .# #.#
#g# #.#.# . #.# #.#
#g#.####.. #.# #g#
#.#......
#.###.###........
####....†..g........
#......>÷..##...#....
#.##.###÷#.# #### ...


You could see 3 gnolls.

Vanquished Creatures
  An adder (D:2)
  A worm (D:2)
  2 dart slugs
  2 giant geckos
  10 goblins
  9 hobgoblins
  2 quokkas (D:3)
  6 bats
  A giant newt (D:3)
  5 kobolds
  5 rats
44 creatures vanquished.

Notes
Turn   | Place    | Note
-------+----------+-------------------------------------------
     0 | D:1      | matakusis the Demonspawn Gladiator began the quest for the Orb.
     0 | D:1      | Reached XP level 1. HP: 16/16 MP: 1/1
   269 | D:1      | Gained mutation: You have a pair of small horns on your head. [demonic ancestry]
   269 | D:1      | Reached XP level 2. HP: 20/22 MP: 2/2
   623 | D:2      | Found a sacrificial altar of Ru.
   669 | D:2      | Gained mutation: You have sharp toenails. [demonic ancestry]
   669 | D:2      | Reached XP level 3. HP: 23/27 MP: 3/3
   967 | D:2      | Found a shadowy altar of Dithmenos.
   967 | D:2      | Found a hide-covered altar of Uskayaw.
  1259 | D:3      | Found a blossoming altar of Fedhas.
  1300 | D:3      | Reached skill level 1 in Armour
  1680 | D:3      | Slain by a gnoll

Vault maps used:
D:1:      dpeg_arrival_simpleton_b
D:2:      nicolae_ru_the_path_less_chosen, gammafunk_temple_overflow_wave
D:3:      nicolae_overflow_crystal_walls
D:4:      first_bread, hex_large, uniq_menkaure, uniq_duvessa

Skill      XL: |  1  2  3 |
---------------+----------+-----
Dodging        | 3 |  3.6
Long Blades    | 3 |  3.1
Armour         | 1 |  1.0
Fighting       | |  2.4
Throwing       | |  1.7

Action                   || total
-------------------------++-------
Melee: Long sword        ||   126
       Headbutt          ||    22
       Kick              ||    23
  Eat: Chunk             ||     2
Armor: Leather armour    ||    18
Dodge: Dodged            ||    78
